 Dungeon Crawl Stone Soup version 0.21-a0-270-g8204059 (webtiles) character file.

1416 motkurip the Fighter (level 8, 0/71 HPs)
             Began as a Demonspawn Monk on Sept 13, 2017.
             Slain by a killer bee (5 damage)
             ... on level 6 of the Dungeon.
             The game lasted 00:16:23 (2627 turns).

motkurip the Fighter (Demonspawn Monk)              Turns: 2627, Time: 00:16:24

Health: 0/71       AC:  7    Str: 13 (15) XL:     8   Next: 43%
Magic:  8/8        EV: 12    Int:  6 (9)  God:
Gold:   237        SH:  0    Dex: 16 (17) Spells: 7/7 levels left

rFire    + . .     SeeInvis .   k - +3 short sword (venom)
rCold    + . .     Gourm    .   (no shield)
rNeg     . . .     Faith    .   i - +0 ring mail
rPois    .         Spirit   .   (no helmet)
rElec    .         Reflect  .   (no cloak)
rCorr    .         Harm     .   (no gloves)
MR       .....                  (no boots)
Stlth    +.........             (no amulet)
HPRegen  1.21/turn              q - ring of protection from fire
MPRegen  0.11/turn              (no ring)

@: lethally poisoned (0 -> 0)
A: hooves 2, slimy green scales 1, agile 1, cold resistance 1, dopey 1, powered
by death 1
a: no special abilities


You were on level 6 of the Dungeon.
You were not hungry.

You visited 1 branch of the dungeon, and saw 6 of its levels.

You collected 237 gold pieces.

Inventory:

Hand Weapons
 k - a +3 short sword of venom (weapon)
 p - a +2 vampiric whip
 u - a +1 whip of venom
 x - a +0 whip of freezing
Missiles
 e - 8 curare-tipped needles
 g - 93 stones (quivered)
Armour
 a - a +0 robe
 i - a +0 ring mail (worn)
Jewellery
 h - an uncursed ring of fire
 q - a ring of protection from fire (left hand)
Wands
 j - a wand of disintegration (10/24)
 n - a wand of polymorph (14/24)
 r - a wand of confusion (18/48)
 v - a wand of paralysis (8/24)
Scrolls
 d - a scroll of immolation
 f - 2 scrolls of remove curse
 m - 2 scrolls of enchant armour
 t - a scroll of teleportation {unknown}
 w - a scroll of enchant weapon
 y - a scroll of fear {unknown}
Potions
 c - 2 potions of curing
Comestibles
 b - a bread ration
 l - 2 meat rations
 o - a royal jelly


   Skills:
 + Level 9.5 Fighting
 - Level 4.0 Armour
 - Level 3.3 Dodging
 - Level 1.7 Stealth
 - Level 2.9 Unarmed Combat


You had 7 spell levels left.
You didn't know any spells.

Dungeon Overview and Level Annotations

Branches:
Dungeon (6/15)             Temple (0/1) D:6

Altars:

Annotations:
D:2 Sigmund


Innate Abilities, Weirdness & Mutations

You have hoof-like feet.
You are partially covered in slimy green scales. (AC +2)
You regenerate a little health from kills.
You are agile. (Dex +2)
Your flesh is cold resistant. (rC+)
You are dopey. (Int -2)


Message History

The howler monkey looks as sick as possible!
The howler monkey is almost dead.
You feel sick.
You kill the howler monkey!
The killer bee stings you.
* * * LOW HITPOINT WARNING * * *
The killer bee stings you but does no damage.
You closely miss the killer bee. Your kick misses the killer bee.
The killer bee stings you!
* * * LOW HITPOINT WARNING * * *
The killer bee stings you but does no damage.
Okay, then.
Evoke which item? (* to show all) (? for menu, Esc to quit)
Aiming: Paralyse (will waste charges)
Press: ? - help, Shift-Dir - straight line, f - killer bee
Aim: a killer bee (chance to defeat MR: 54%)
The killer bee resists with significant effort.
Evoking this partially-identified wand wasted a few charges.
The killer bee stings you.
You die...

###'g#..............
.....o..#..⌠...⌠..#.
..o.....#.........#
o.#####......>......
. #o#.........##
#o#Z.⌠...⌠..#
#oo..........
#y#...... #@##.##.#
#........ #########


You could see a killer bee, 4 orcs and an adder skeleton.

Vanquished Creatures
  Pikel (D:4)
  2 ogres
  A centaur (D:5)
  4 slaves
  A scorpion (D:5)
  4 killer bees (D:6)
  3 howler monkeys
  2 crimson imps (D:5)
  3 orc priests
  A bullfrog skeleton (D:4)
  An orc wizard (D:3)
  2 worker ants
  A hound skeleton (D:5)
  5 adders
  An ooze (D:3)
  An adder skeleton (D:5)
  3 worms
  A dart slug (D:3)
  2 leopard geckos
  14 orcs
  3 bats
  2 giant cockroaches
  A goblin (D:1)
  3 hobgoblins (D:2)
  2 jackals (D:4)
  A quokka (D:5)
  A ball python (D:3)
  5 frilled lizards
  6 kobolds
  6 rats
83 creatures vanquished.

Notes
Turn   | Place    | Note
-------+----------+-------------------------------------------
     0 | D:1      | motkurip the Demonspawn Monk began the quest for the Orb.
     0 | D:1      | Reached XP level 1. HP: 18/18 MP: 1/1
   333 | D:1      | Gained mutation: You are partially covered in slimy green scales. (AC +2) [demonic ancestry]
   333 | D:1      | Reached XP level 2. HP: 18/24 MP: 2/2
   492 | D:2      | Reached XP level 3. HP: 11/29 MP: 3/3
   620 | D:2      | Noticed Sigmund
   867 | D:3      | Reached skill level 4 in Fighting
  1015 | D:3      | Gained mutation: You have large cloven feet. [demonic ancestry]
  1015 | D:3      | Reached XP level 4. HP: 3/38 MP: 4/4
  1373 | D:4      | Reached skill level 5 in Fighting
  1373 | D:4      | Reached XP level 5. HP: 30/44 MP: 5/5
  1490 | D:4      | Reached skill level 1 in Armour
  1739 | D:4      | Noticed a slave
  1746 | D:4      | Noticed a slave
  1746 | D:4      | Noticed a slave
  1784 | D:4      | Killed a slave
  1804 | D:4      | Killed a slave
  1860 | D:3      | Killed a slave
  1990 | D:4      | Gained mutation: You have hoof-like feet. [demonic ancestry]
  1990 | D:4      | Reached XP level 6. HP: 29/52 MP: 6/6
  2018 | D:4      | Noticed a slave
  2025 | D:4      | Killed a slave
  2038 | D:4      | Noticed Pikel
  2066 | D:4      | Killed Pikel
  2066 | D:4      | Reached skill level 7 in Fighting
  2066 | D:4      | Gained mutation: You regenerate a little health from kills. [demonic ancestry]
  2066 | D:4      | Reached XP level 7. HP: 23/60 MP: 7/7
  2167 | D:5      | Entered Level 5 of the Dungeon
  2354 | D:5      | Reached skill level 8 in Fighting
  2430 | D:5      | Reached XP level 8. HP: 64/68 MP: 8/8
  2581 | D:6      | Found a staircase to the Ecumenical Temple.
  2585 | D:6      | Gained mutation: You are dopey. (Int -2) [potion of mutation]
  2585 | D:6      | Gained mutation: You are agile. (Dex +2) [potion of mutation]
  2585 | D:6      | Gained mutation: Your flesh is cold resistant. (rC+) [potion of mutation]
  2607 | D:6      | Reached skill level 9 in Fighting
  2627 | D:6      | Slain by a killer bee

Vault maps used:
D:1:      minmay_arrival_jagged, feat_on_display
D:2:      uniq_sigmund
D:3:      first_bread
D:4:      minmay_statues_item, grunt_tough_drop, uniq_pikel
D:6:      minitemple, minmay_temple_entry_large_hall,
          kennysheep_opposing_triangles

Skill      XL: |  1  2  3  4  5  6  7  8 |
---------------+-------------------------+-----
Dodging        | 3 |  3.3
Fighting       | 4 5 7 8 9 |  9.5
Armour         | 1 3 4 |  4.0
Stealth        | |  1.7
Unarmed Combat | |  2.9

Action                   |  1- 3 |  4- 6 |  7- 9 || total
-------------------------+-------+-------+-------++-------
Melee: Unarmed           |    39 |       |       ||    39
       Short sword       |    62 |    22 |    84 ||   168
       Punch             |     1 |     3 |     3 ||     7
       Whip              |       |   161 |       ||   161
       Kick              |       |    43 |    30 ||    73
Throw: Stone             |     4 |     4 |       ||     8
Evoke: Wand              |     3 |     7 |     4 ||    14
  Use: Potion            |     4 |     1 |     4 ||     9
       Scroll            |       |     3 |     4 ||     7
 Stab: Sleeping          |     2 |       |       ||     2
       Distracted        |     1 |       |       ||     1
       Confused          |       |     2 |     2 ||     4
  Eat: Fruit             |       |     3 |       ||     3
       Chunk             |       |     4 |     2 ||     6
       Royal jelly       |       |     1 |       ||     1
Armor: Robe              |    17 |     1 |       ||    18
       Ring mail         |       |    48 |    36 ||    84
Dodge: Dodged            |    66 |   104 |    72 ||   242

Table legend:
 A = Spawn XP
 B = Non-spawn XP
 C = Spawn XP percentage of total XP
 D = Spawn monster count
 E = Non-spawn monster count
 F = Spawn count percentage of total count
 G = Total turns spent on level
                    A         B        C        D         E        F      G
               +---------+---------+-------+---------+---------+-------+---------
         Total |       0 |    2023 |   0.0 |       0 |      79 |   0.0 |  2627
               +---------+---------+-------+---------+---------+-------+---------
           D:1 |       0 |      14 |   0.0 |       0 |      10 |   0.0 |   389
           D:2 |       0 |      39 |   0.0 |       0 |      15 |   0.0 |   425
           D:3 |       0 |      86 |   0.0 |       0 |      14 |   0.0 |   611
           D:4 |       0 |     897 |   0.0 |       0 |      19 |   0.0 |   742
           D:5 |       0 |     541 |   0.0 |       0 |      13 |   0.0 |   347
           D:6 |       0 |     446 |   0.0 |       0 |       8 |   0.0 |   113
               +---------+---------+-------+---------+---------+-------+---------
